Cogmind - Beta 14 @@@ ROGUE MODE // 2024.08.23 @ 03:55:32 Player: cptwinky Result: Destroyed by Y-72 Warden with Railgun Performance ------------- Evolutions (9) 4500 Regions Visited (14) 2800 Robots Destroyed (89) 445 Value Destroyed (3026) 3026 Prototype IDs (10) 200 Alien Tech Used (1) 200 Bonus (1166) 1166 TOTAL SCORE: 12337 Bonus ------- High Alert Combat Kills 288 Follower Combat Kills 378 Entered DSFs 500 Cogmind --------- Core Integrity 0/1600 Matter 199/300 Energy 34/100 System Corruption 5% Temperature Cool (0) Movement Core (50) Location -1/Access Parts ------- > --- POWER (3) -------- (None) > --- PROPULSION (8) --- (None) > --- UTILITY (12) ----- Enhanced Optical Array Advanced Terrain Scan Processor > --- WEAPON (2) ------- Plasma Sword > --- INVENTORY (5) ---- Enhanced Nova Cannon PL-3XN's Ring of Power PL-3XN's Ring of Power Peak State ------------ > --- POWER ------------ Backup Power VII Backup Power VII > --- PROPULSION ------- Backup Propulsion VII Backup Propulsion VII Field Propulsion Drive Impulse Thruster Array > --- UTILITY ---------- Enhanced Optical Array Advanced Terrain Scan Processor Reaction Control System Backup Plating VII Backup Plating VII Advanced Thermal Shield Advanced System Shield > --- WEAPON ----------- Enhanced Nova Cannon > --- INVENTORY -------- Light Quantum Reactor PL-3XN's Ring of Power PL-3XN's Ring of Power [Rating: 100] Favorites ----------- Power Backup Power III Engine Backup Power III Power Core Micro Fission Core Propulsion Gravmag Array Treads Light Treads Wheel Centrium Wheel Hover Unit Gravmag Array Flight Unit Q-thruster Utility Enhanced Optical Array Device Advanced Coolant Injector Storage Energy Well Processor Enhanced Optical Array Hackware Hacking Suite Protection Hardened Medium Armor Plating Weapon Backup Laser III Energy Gun Backup Laser III Energy Cannon Particle Cannon Ballistic Gun Assault Rifle Ballistic Cannon Bore Cannon Launcher Mini Grenade Launcher Special Weapon Mining Laser Impact Weapon Flail Slashing Weapon Power Sword Piercing Weapon Lance Special Melee Weapon Improved Datajack Build | -11 -10 -9 -8 -7 -7 -6 -5 -4 -4 -4 -3 -2 -2 -1 ------- Run | Yrd Mat Mat Mat Fac DSF Fac Fac Fac Was Fac Res Res Qua Acc Slots Evolved 18 | . . 2 2 2 . 2 2 2 . . 2 2 . 2 Power 2 | . . . . . . 1 . . . . . . . 1 Propulsion 6 | . . 1 1 . . 1 . 1 . . 2 . . . Utility 10 | . . 1 1 2 . . 2 1 . . . 2 . 1 Weapon . | . . . . . . . . . . . . . . . Parts Attached 171 | . 4 14 5 9 5 25 25 8 8 11 8 13 5 31 Power 12 | . 1 1 . 2 . 2 1 . . . 2 1 . 2 Engine 10 | . 1 1 . 2 . 2 . . . . 2 1 . 1 Core 2 | . . . . . . . 1 . . . . . . 1 Reactor . | . . . . . . . . . . . . . . . Propulsion 41 | . . 6 1 2 5 5 7 4 . . 1 4 1 5 Treads 7 | . . 6 . . . . . . . . . 1 . . Leg . | . . . . . . . . . . . . . . . Wheel 2 | . . . . 1 . . . . . . . . . 1 Hover 11 | . . . . 1 . 2 3 4 . . . . 1 . Flight 21 | . . . 1 . 5 3 4 . . . 1 3 . 4 Utility 69 | . . 4 2 3 . 12 10 3 8 6 4 4 2 11 Device 30 | . . 3 . 1 . 3 6 3 4 1 2 2 . 5 Storage 3 | . . . . . . . . . 2 1 . . . . Processor 10 | . . . . 1 . 1 . . . 1 2 1 1 3 Hackware 15 | . . . 1 1 . 3 4 . . 2 . 1 1 2 Protection 11 | . . 1 1 . . 5 . . 2 1 . . . 1 Artifact . | . . . . . . . . . . . . . . . Weapon 49 | . 3 3 2 2 . 6 7 1 . 5 1 4 2 13 Energy Gun 2 | . 1 . . 1 . . . . . . . . . . Energy Cannon 16 | . 2 1 . . . 2 1 . . . . 3 . 7 Ballistic Gun 2 | . . 1 . . . . 1 . . . . . . . Ballistic Cannon 2 | . . . . . . . . . . 1 1 . . . Launcher 10 | . . 1 . . . . 4 . . 2 . . 1 2 Special Weapon 2 | . . . 2 . . . . . . . . . . . Impact Weapon 1 | . . . . 1 . . . . . . . . . . Slashing Weapon 10 | . . . . . . 3 1 . . . . 1 1 4 Piercing Weapon 3 | . . . . . . . . 1 . 2 . . . . Special Melee Weapon 1 | . . . . . . 1 . . . . . . . . Unidentified Prototypes 9 | . . . . . . 1 1 . . 1 3 . 1 2 Parts Lost 54 | . . 1 . . 10 4 8 1 . 3 . . 7 20 Power 6 | . . . . . 1 . 1 . . 1 . . 1 2 Propulsion 25 | . . . . . 7 3 5 . . . . . 3 7 Utility 20 | . . 1 . . 2 . 2 1 . 2 . . 2 10 Weapon 3 | . . . . . . 1 . . . . . . 1 1 Highest Loss Streak 10 | . . 1 . . 10 3 4 1 . 2 . . 6 7 To Critical Strikes . | . . . . . . . . . . . . . . . Average Slot Usage (%) 42 | . 10 50 25 25 27 57 48 16 60 82 12 15 41 31 Engine 3 | . 5 4 . 4 1 11 . . 6 8 2 . 3 . Core 1 | . . . . . . . 3 . . . . . . 3 Treads 3 | . . 20 . . . . . . . . . . . . Hover 5 | . . . . 2 4 10 7 7 15 15 . . 3 3 Flight 3 | . . . 5 . 1 7 6 . . . 3 6 9 2 Device 8 | . . 9 . 3 1 5 15 8 14 22 . 3 7 5 Processor 2 | . . . . 2 7 2 . . . 4 2 . 7 7 Hackware 2 | . . . 6 3 4 5 8 . . 4 . . 4 1 Protection 3 | . . 4 4 . . 3 . . 11 9 . . . 4 Energy Gun 1 | . 2 . . . . 4 . . 3 5 . . . . Energy Cannon 1 | . 3 4 . . . . . . . . . 1 . . Slashing Weapon 1 | . . . . . . 3 3 . . . . 1 3 . Peak Build Rating 100 | . 3 11 7 19 19 47 61 52 93 97 43 61 84 100 Average Rating 35 | . . 5 4 7 11 32 38 27 73 93 22 29 73 50 On Entrance 18 | . . . . . 19 4 . 2 52 93 . 43 61 1 Naked Turns 668 | . 76 309 16 26 . 25 63 22 . 2 19 100 . 10 Heaviest Build 47 | . 3 18 3 6 6 32 13 8 47 47 12 15 11 31 Greatest Support 60 | 3 3 60 4 9 9 32 29 52 60 60 16 32 32 26 Greatest Overweight (x) 4 | . . 1 . . . 2 . 1 . . . 4 . 1 Average Overweight (x) . | . . . . . . . . . . . . . . . Largest Inventory Capacity 5 | 5 5 5 5 5 5 5 5 5 5 5 5 5 5 5 Average Capacity 5 | 5 5 5 5 5 5 5 5 5 5 5 5 5 5 5 Most Carried 5 | . 4 5 2 4 5 5 5 5 5 5 5 5 5 5 Average Carried 3 | . 1 1 1 1 4 4 2 2 4 4 2 4 4 4 Final Capacity 5 | 5 5 5 5 5 5 5 5 5 5 5 5 5 5 5 Final Carried 5 | . . . . 4 . . 4 4 5 1 5 5 2 3 Class Distribution -------------------- 76% | Mutant 8% | Scavenger-Mutant 7% | Hacker-Mutant 3% | Hacker-Sprinter Dominant Class ---------------- Mutant | -10/Materials Mutant | -9/Materials Mutant | -8/Materials Mutant | -7/Factory Mutant | -7/DSF Mutant | -6/Factory Hacker-Mutant | -5/Factory Mutant | -4/Factory Mutant | -4/Waste Mutant | -4/Factory Mutant | -3/Research Mutant | -2/Research Mutant | -2/Quarantine Mutant | -1/Access Resources | -11 -10 -9 -8 -7 -7 -6 -5 -4 -4 -4 -3 -2 -2 -1 ----------- Run | Yrd Mat Mat Mat Fac DSF Fac Fac Fac Was Fac Res Res Qua Acc Matter Collected 2255 | 200 40 251 . 123 7 209 365 101 90 118 19 311 183 238 Remotely . | . . . . . . . . . . . . . . . Salvage Created 2847 | . 63 446 . 21 . 327 475 . . 645 14 182 492 182 Parts 168 | . 2 37 . 3 . 22 26 . . 28 8 12 22 8 Haulers Intercepted 2 | . . . . . . . 1 . . . . . 1 . Recyclers Shooed 4 | . . . . . . 1 . . . . . . 2 1 Parts Field Recycled . | . . . . . . . . . . . . . . . Retrieved Matter . | . . . . . . . . . . . . . . . Parts Self-Destructed . | . . . . . . . . . . . . . . . Prevented . | . . . . . . . . . . . . . . . Kills | -11 -10 -9 -8 -7 -7 -6 -5 -4 -4 -4 -3 -2 -2 -1 ------- Run | Yrd Mat Mat Mat Fac DSF Fac Fac Fac Was Fac Res Res Qua Acc Combat Hostiles Destroyed 62 | . 1 16 . . . 10 13 . . 12 . . 8 2 Melee 5 | . . . . . . 2 . . . 1 . . 2 . Guns 4 | . 1 1 . . . 2 . . . . . . . . Cannons 5 | . . 3 . . . 1 . . . 1 . . . . AOE 45 | . . 12 . . . 5 12 . . 8 . . 6 2 Classes Destroyed 14 | . 2 5 . 1 . 1 3 . . 1 . 1 . . Worker 7 | . . . . . . 1 . . . 2 1 1 2 . Builder 3 | . . 1 . . . . 1 . . . 1 . . . Tunneler 2 | . . . . . . . . . . . . 1 . 1 Hauler 2 | . . . . . . . 1 . . . . . 1 . Recycler 4 | . . . . . . . 1 . . . . 1 1 1 Mechanic 1 | . . . . 1 . . . . . . . . . . Operator 7 | . 1 . . . . 2 . . . 1 . 2 1 . Watcher 1 | . . 1 . . . . . . . . . . . . Swarmer 30 | . . 4 . . . 6 9 . . 4 . . 5 2 Cutter 2 | . . . . . . . 2 . . . . . . . Grunt 22 | . 1 7 . . . 4 2 . . 7 . . 1 . Brawler 1 | . . 1 . . . . . . . . . . . . Sentry 4 | . . 4 . . . . . . . . . . . . Programmer 3 | . . . . . . . . . . 1 . . 2 . Best Kill Streak 12 | . 1 8 . 1 . 6 9 . . 9 2 1 12 2 Combat Bots Only 8 | . 1 7 . . . 6 7 . . 7 . . 8 2 Max Kills in Single Turn 7 | . 1 3 . 1 . 2 6 . . 7 1 1 5 2 Gunslinging . | . . . . . . . . . . . . . . . Exploded 5 | . . 2 . . . 2 5 . . 5 . . 3 2 Melee 1 | . . . . . . 1 . . . 1 . . 1 . Uniques/NPCs Destroyed . | . . . . . . . . . . . . . . . Combat | -11 -10 -9 -8 -7 -7 -6 -5 -4 -4 -4 -3 -2 -2 -1 -------- Run | Yrd Mat Mat Mat Fac DSF Fac Fac Fac Was Fac Res Res Qua Acc Hostile Shots Fired 716 | . 3 42 8 . 71 69 80 27 . 95 . 25 84 212 Missed 308 | . . 9 6 . 26 23 43 10 . 46 . 13 45 87 Damage Taken 8998 | . 34 453 23 . 767 829 950 365 . 1373 . 341 884 2979 Core 3692 | . 11 71 16 . 499 310 470 108 . 134 . 128 330 1615 Absorbed by Shields 46 | . . . . . 46 . . . . . . . . . Redirected to Shielding 45 | . . . 2 . . . . . . . . . . 43 Ignored by Resistances 111 | . . . . . . 49 . . . . . . . 62 Regen/Repaired (Parts) 64 | . . . . . . . . . 64 . . . . . Core Remaining (%) 76 | 100 95 82 97 . 28 63 53 . . 78 100 . 68 . Volleys Fired 131 | . 4 26 . 3 . 24 5 . . 29 2 13 4 21 Largest 2 | . 2 2 . 1 . 2 2 . . 1 1 1 1 1 Hottest 120 | . 100 88 . 80 . 80 98 . . 57 60 120 49 120 Shots Fired 161 | . 7 39 . 3 . 37 6 . . 29 2 13 4 21 Gun 46 | . 3 13 . 3 . 26 1 . . . . . . . Cannon 80 | . 4 13 . . . 11 1 . . 21 2 13 . 15 Launcher 35 | . . 13 . . . . 4 . . 8 . . 4 6 Special . | . . . . . . . . . . . . . . . Kinetic 37 | . . 13 . . . . 1 . . 21 2 . . . Thermal 88 | . 7 13 . 3 . 37 1 . . . . 12 . 15 Explosive 27 | . . 13 . . . . 4 . . . . . 4 6 Electromagnetic 9 | . . . . . . . . . . 8 . 1 . . Robot Hit Streak 9 | . 4 9 . 5 . 9 4 . . 3 2 4 3 4 Robot Miss Streak 6 | . 1 1 . 1 . 3 . . . 6 . 2 1 1 Penetration Max . | . . . . . . . . . . . . . . . Secondary Targets 1 | . . . . . . 1 . . . . . . . . Max Gunslinging Chain 1 | . . . . . . 1 . . . . . . . . Shots Hit Robots 111 | . 5 31 . 3 4 29 4 . . 12 2 8 9 4 Core Hits 121 | . 3 26 . 2 . 20 17 . . 23 2 2 22 4 Critical Kills 1 | . . . . . . . . . . . . 1 . . Critical Parts Destroyed 2 | . . . . . . . . . . 2 . . . . Critical Strikes 4 | . . . . . . . . . . 3 . 1 . . Meltdown 1 | . . . . . . . . . . . . 1 . . Destroy 2 | . . . . . . . . . . 2 . . . . Impale 1 | . . . . . . . . . . 1 . . . . Melee Attacks 96 | . . . . . 7 30 10 . . 20 . 10 8 11 Impact 7 | . . . . . 7 . . . . . . . . . Slashing 68 | . . . . . . 29 10 . . . . 10 8 11 Piercing 20 | . . . . . . . . . . 20 . . . . Sneak Attacks 9 | . . . . . 1 4 . . . 1 . 1 1 1 Combat Hostiles 2 | . . . . . 1 1 . . . . . . . . Follow-up Attacks . | . . . . . . . . . . . . . . . Damage Inflicted 9178 | . 74 1378 . 64 213 1570 1616 8 . 1805 64 437 1505 444 Guns 432 | . 23 109 . 64 . 216 20 . . . . . . . Cannons 920 | . 51 237 . . . 110 27 . . 129 64 259 . 43 Explosions 6047 | . . 1032 . . . 721 1566 . . 1478 . . 1030 220 Melee 1765 | . . . . . 213 523 . . . 198 . 175 475 181 Ramming 14 | . . . . . . . 3 8 . . . 3 . . Kinetic 322 | . . 109 . . . . 20 . . 129 64 . . . Thermal 2275 | . 74 237 . 64 . 326 449 . . 823 . 259 . 43 Explosive 4147 | . . 1032 . . . 721 1144 . . . . . 1030 220 Electromagnetic 655 | . . . . . . . . . . 655 . . . . Impact 213 | . . . . . 213 . . . . . . . . . Slashing 1354 | . . . . . . 523 . . . . . 175 475 181 Piercing 198 | . . . . . . . . . . 198 . . . . Highest Corruption 5 | . . . . . . 1 1 . . 5 . . . 5 Average Corruption 2 | . . . . . . 1 1 . . 2 . . . 4 Corruption Purged . | . . . . . . . . . . . . . . . Corruption Blocked . | . . . . . . . . . . . . . . . Effects 13 | . . . . . . 1 2 . . 4 . . . 6 Message Errors 2 | . . . . . . . . . . 1 . . . 1 Matter Fused 1 | . . . . . . . 1 . . . . . . . Heat Flow Errors 2 | . . . . . . 1 . . . . . . . 1 Energy Discharges 1 | . . . . . . . . . . . . . . 1 Data Loss (minor) 1 | . . . . . . . . . . . . . . 1 Data Loss (major) 6 | . . . . . . . 1 . . 3 . . . 2 Overload Shots . | . . . . . . . . . . . . . . . Overflow Damage 621 | . . 16 . . . 127 66 . . 108 . 68 131 105 Projectiles 33 | . . . . . . . . . . . . 20 . 13 Explosions 151 | . . 16 . . . . 66 . . 37 . . . 32 Melee 437 | . . . . . . 127 . . . 71 . 48 131 60 Knockbacks 1 | . . . . . . . . . . 1 . . . . Impact . | . . . . . . . . . . . . . . . Kinetic 1 | . . . . . . . . . . 1 . . . . Secondary . | . . . . . . . . . . . . . . . Self-Inflicted Damage 546 | . . 13 . . . 96 133 4 . 93 . . . 207 Shots 11 | . . 1 . . . 2 2 . . 3 . . . 3 Rammed 4 | . . . . . . . 1 1 . . . 2 . . Targets Rammed 5 | . . . . . . . 1 1 . . . 3 . . Kicked . | . . . . . . . . . . . . . . . Crushed 1 | . . . . . . . . . . . . 1 . . Highest Temperature 208 | . 140 27 . 36 . 171 6 . . 185 . 66 . 208 Average Temperature 53 | . 72 11 . 18 . 50 4 . . 80 . 23 . 54 Received Heat Transfer 1090 | . 18 162 . . 45 189 120 130 . 75 . 54 63 234 Siege Activations . | . . . . . . . . . . . . . . . Robots Corrupted 2 | . . . . . . . . . . 2 . . . . Combat Hostiles 2 | . . . . . . . . . . 2 . . . . Parts Fried 3 | . . . . . . . . . . 3 . . . . Impact Corruptions . | . . . . . . . . . . . . . . . Robots Melted 1 | . . . . . . . . . . . . 1 . . Combat Hostiles . | . . . . . . . . . . . . . . . Parts Melted 4 | . . . . 1 . 2 . . . . . 1 . . Heat Transferred 2591 | . 161 407 . 150 . 777 337 . . 500 . 222 . 37 Parts Sabotaged 2 | . . . . . . . . . . . . . . 2 Parts Stolen . | . . . . . . . . . . . . . . . Parts Stripped . | . . . . . . . . . . . . . . . Power Chain Reactions 4 | . . . . . . . 3 . . . . 1 . . Alert | -11 -10 -9 -8 -7 -7 -6 -5 -4 -4 -4 -3 -2 -2 -1 ------- Run | Yrd Mat Mat Mat Fac DSF Fac Fac Fac Was Fac Res Res Qua Acc Peak Influence 1049 | . 31 449 308 145 101 479 576 392 218 782 315 325 580 1049 Initial 312 | . . 13 126 140 101 . 9 277 137 152 305 177 159 312 Average 287 | . 13 210 180 144 48 206 268 344 173 336 307 239 403 664 Maximum Alert Level 3 | . . 2 1 . . 2 2 1 1 3 1 1 2 3 Low Security (%) 41 | 100 100 61 71 100 100 52 29 . 79 44 . 23 29 . Level 1 36 | . . 14 28 . . 29 42 100 20 28 100 76 11 38 Level 2 13 | . . 23 . . . 18 27 . . 8 . . 59 3 Level 3 8 | . . . . . . . . . . 18 . . . 58 Level 4 . | . . . . . . . . . . . . . . . Level 5 . | . . . . . . . . . . . . . . . High Security . | . . . . . . . . . . . . . . . Max Security . | . . . . . . . . . . . . . . . Squads Dispatched 37 | . . 1 . 1 . 4 10 1 . 3 . 8 3 6 Investigation 14 | . . 1 . 1 . . 3 . . 1 . 4 1 3 Extermination 1 | . . . . . . . . . . . . 1 . . Reinforcement 19 | . . . . . . 4 6 1 . 2 . 3 2 1 Assault 2 | . . . . . . . . . . . . . . 2 Garrison 1 | . . . . . . . 1 . . . . . . . Intercept . | . . . . . . . . . . . . . . . Searches Triggered . | . . . . . . . . . . . . . . . Construction Impeded . | . . . . . . . . . . . . . . . Haulers Reinforced 1 | . . . . . . 1 . . . . . . . . Active Scanning Responses . | . . . . . . . . . . . . . . . Cargo Convoy Interrupts 1 | . . . . . . . 1 . . . . . . . Stealth | -11 -10 -9 -8 -7 -7 -6 -5 -4 -4 -4 -3 -2 -2 -1 --------- Run | Yrd Mat Mat Mat Fac DSF Fac Fac Fac Was Fac Res Res Qua Acc Distress Signals 6 | . . . 1 . . . 2 . . 1 . 1 . 1 Communications Jammed . | . . . . . . . . . . . . . . . Distress Signals . | . . . . . . . . . . . . . . . Times Spotted 223 | . 2 23 10 1 3 18 65 9 5 16 . 14 19 38 Peak Tracking Total 15 | . 1 11 11 . 3 7 15 4 5 7 . 5 9 12 Tactical Retreats 29 | . . 1 2 . . 2 11 2 . . . 2 1 8 Traps | -11 -10 -9 -8 -7 -7 -6 -5 -4 -4 -4 -3 -2 -2 -1 ------- Run | Yrd Mat Mat Mat Fac DSF Fac Fac Fac Was Fac Res Res Qua Acc Traps Triggered 10 | . . 1 . . 2 . 2 1 . . . 2 . 2 Indirectly . | . . . . . . . . . . . . . . . Trap Hack Attempts . | . . . . . . . . . . . . . . . Triggered . | . . . . . . . . . . . . . . . Disarmed . | . . . . . . . . . . . . . . . Reprogrammed 5 | . . . 5 . . . . . . . . . . . Reused 1 | . . . 1 . . . . . . . . . . . Traps Extracted . | . . . . . . . . . . . . . . . Installed . | . . . . . . . . . . . . . . . Triggered 4 | . . . 1 . . . 3 . . . . . . . Objects Rigged 5 | . . . . . . 4 1 . . . . . . . Exploded 3 | . . . . . . 2 1 . . . . . . . Machines | -11 -10 -9 -8 -7 -7 -6 -5 -4 -4 -4 -3 -2 -2 -1 ---------- Run | Yrd Mat Mat Mat Fac DSF Fac Fac Fac Was Fac Res Res Qua Acc Machines Disabled 23 | . . 2 . . . 7 5 . . 3 . 3 1 2 Max in Single Turn 3 | . . 1 . . . 2 3 . . 3 . 1 1 1 Garrison Access 2 | . . . . . . . 1 . . . . . . 1 Energy Cycler 1 | . . . . . . . . . . . . . . 1 Machines Repaired . | . . . . . . . . . . . . . . . Machines Dismantled . | . . . . . . . . . . . . . . . Machines Sabotaged . | . . . . . . . . . . . . . . . Overloaded Fab Kills 16 | . . . . . . . 12 . . . . 4 . . Hacking | -11 -10 -9 -8 -7 -7 -6 -5 -4 -4 -4 -3 -2 -2 -1 --------- Run | Yrd Mat Mat Mat Fac DSF Fac Fac Fac Was Fac Res Res Qua Acc Machines Accessed 70 | . 3 6 2 3 . 10 16 1 . 4 2 9 3 11 Terminals 45 | . 2 6 2 2 . 5 10 1 . 2 . 6 2 7 Fabricators 9 | . . . . . . 2 4 . . . 1 1 . 1 Repair Stations 4 | . . . . 1 . 1 . . . . . 1 . 1 Recycling Units 7 | . 1 . . . . 2 1 . . 1 1 1 . . Scanalyzers 2 | . . . . . . . . . . 1 . . 1 . Garrison Access 3 | . . . . . . . 1 . . . . . . 2 Total Hacks 179 | . 10 17 9 8 . 32 38 1 . 13 3 22 7 19 Successful 76 | . 2 7 5 3 . 14 23 . . 5 . 9 2 6 Failed 102 | . 7 10 4 5 . 18 15 1 . 8 3 13 5 13 Catastrophic 29 | . 1 3 2 2 . 3 3 . . 4 1 3 1 6 Database Lockouts 1 | . 1 . . . . . . . . . . . . . Manual 96 | . 9 14 4 4 . 18 20 1 . 2 . 11 5 8 Terminals 134 | . 9 17 9 6 . 22 29 1 . 5 . 18 5 13 Fabricators 18 | . . . . . . 5 6 . . . 2 2 . 3 Repair Stations 6 | . . . . 2 . 2 . . . . . 1 . 1 Recycling Units 10 | . 1 . . . . 3 2 . . 2 1 1 . . Scanalyzers 8 | . . . . . . . . . . 6 . . 2 . Garrison Access 3 | . . . . . . . 1 . . . . . . 2 Terminal Hacks 30 | . 1 2 4 1 . 5 12 . . . . 4 . 1 Part Schematic 1 | . . . . . . 1 . . . . . . . . Robot Analysis 4 | . 1 1 1 . . 1 . . . . . . . . Prototype ID Bank 1 | . . . . . . . 1 . . . . . . . Open Door 1 | . . . . . . . . . . . . 1 . . Open DSF 1 | . . . . 1 . . . . . . . . . . Level Access Points 1 | . . . . . . . 1 . . . . . . . Branch Access Points 3 | . . . . . . 1 2 . . . . . . . Terminal Index 4 | . . 1 . . . . 1 . . . . 1 . 1 Unreport Threat 5 | . . . . . . 2 3 . . . . . . . Locate Traps 4 | . . . 1 . . . 2 . . . . 1 . . Reprogram Traps 2 | . . . 2 . . . . . . . . . . . Zone Layout 3 | . . . . . . . 2 . . . . 1 . . Fabricator Hacks 2 | . . . . . . 1 1 . . . . . . . Network Status 2 | . . . . . . 1 1 . . . . . . . Repair Station Hacks 3 | . . . . . . 2 . . . . . . . 1 Refit 3 | . . . . . . 2 . . . . . . . 1 Recycling Unit Hacks 4 | . 1 . . . . . 1 . . 1 . 1 . . Retrieve Components 4 | . 1 . . . . . 1 . . 1 . 1 . . Scanalyzer 3 | . . . . . . . . . . 3 . . . . Insert Component 1 | . . . . . . . . . . 1 . . . . Analyze 2 | . . . . . . . . . . 2 . . . . Garrison Access Hacks 1 | . . . . . . . 1 . . . . . . . Seal Access 1 | . . . . . . . 1 . . . . . . . Unauthorized Hacks 33 | . . 5 1 2 . 6 8 . . 1 . 4 2 4 Terminals 24 | . . 5 1 2 . 5 4 . . 1 . 3 1 2 Track 1 | . . . 1 . . . . . . . . . . . Assimilate 5 | . . . . . . 3 1 . . . . 1 . . Botnet 9 | . . . . 1 . 1 2 . . 1 . 2 . 2 Detonate 2 | . . . . . . 1 1 . . . . . . . Operators 1 | . . . . 1 . . . . . . . . . . Skim 5 | . . 5 . . . . . . . . . . . . Search 1 | . . . . . . . . . . . . . 1 . Fabricators 6 | . . . . . . 1 3 . . . . 1 . 1 Liberate 2 | . . . . . . . 1 . . . . . . 1 Haulers 2 | . . . . . . 1 1 . . . . . . . Overload 2 | . . . . . . . 1 . . . . 1 . . Repair Stations . | . . . . . . . . . . . . . . . Recycling Units 1 | . . . . . . . 1 . . . . . . . Reject 1 | . . . . . . . 1 . . . . . . . Scanalyzers 1 | . . . . . . . . . . . . . 1 . Researchers 1 | . . . . . . . . . . . . . 1 . Garrison Access 1 | . . . . . . . . . . . . . . 1 Jam 1 | . . . . . . . . . . . . . . 1 Data Cores Recovered 2 | . 1 . . . . . 1 . . . . . . . Used . | . . . . . . . . . . . . . . . Hacking Detections 64 | . 2 6 2 3 . 10 13 1 . 4 2 8 3 10 Full Trace Events 8 | . . . . 1 . . 2 . . 1 . 2 . 2 Feedback Events . | . . . . . . . . . . . . . . . Feedback Blocked . | . . . . . . . . . . . . . . . Robot Schematics Acquired . | . . . . . . . . . . . . . . . Robots Built . | . . . . . . . . . . . . . . . Authchips . | . . . . . . . . . . . . . . . Time . | . . . . . . . . . . . . . . . Total Robot Build Rating . | . . . . . . . . . . . . . . . Part Schematics Acquired 2 | . . . . . . 1 . . . 1 . . . . Parts Built . | . . . . . . . . . . . . . . . Authchips . | . . . . . . . . . . . . . . . Time . | . . . . . . . . . . . . . . . Total Part Build Rating . | . . . . . . . . . . . . . . . Parts Repaired . | . . . . . . . . . . . . . . . Time . | . . . . . . . . . . . . . . . Parts Recycled . | . . . . . . . . . . . . . . . Recycled Matter . | . . . . . . . . . . . . . . . Retrieved Matter . | . . . . . . . . . . . . . . . Retrieved Components 3 | . . . . . . . 1 . . 2 . . . . Parts Scanalyzed 1 | . . . . . . . . . . 1 . . . . Part Schematics Acquired 1 | . . . . . . . . . . 1 . . . . Parts Damaged . | . . . . . . . . . . . . . . . Bothacking | -11 -10 -9 -8 -7 -7 -6 -5 -4 -4 -4 -3 -2 -2 -1 ------------ Run | Yrd Mat Mat Mat Fac DSF Fac Fac Fac Was Fac Res Res Qua Acc Used RIF Installer . | . . . . . . . . . . . . . . . Robots Hacked 1 | . . . . . . 1 . . . . . . . . Non-combat 1 | . . . . . . 1 . . . . . . . . Combat . | . . . . . . . . . . . . . . . Robot Hacks Applied 1 | . . . . . . 1 . . . . . . . . find_chute 1 | . . . . . . 1 . . . . . . . . Relay Couplers Released . | . . . . . . . . . . . . . . . Fabnet Peak Effective % . | . . . . . . . . . . . . . . . Robots Rewired 1 | . . . . . . . 1 . . . . . . . Allies Hacked . | . . . . . . . . . . . . . . . Hacks Repelled . | . . . . . . . . . . . . . . . Allies | -11 -10 -9 -8 -7 -7 -6 -5 -4 -4 -4 -3 -2 -2 -1 -------- Run | Yrd Mat Mat Mat Fac DSF Fac Fac Fac Was Fac Res Res Qua Acc Total Allies 34 | . . . . . . 1 2 . 19 12 . . . . Largest Group 19 | . . . . . . 1 1 . 19 5 . . . . Highest-Rated Group 684 | . . . . . . 9 42 . 684 205 . . . . Highest-Rated Ally 50 | . . . . . . 9 42 . 50 46 . . . . Total Orders 7 | . . . . . . . . 4 . . . 3 . . STAY 2 | . . . . . . . . 2 . . . . . . EXPLORE 4 | . . . . . . . . 2 . . . 2 . . RETURN 1 | . . . . . . . . . . . . 1 . . Ally Attacks 135 | . . . . . . . 13 . 95 27 . . . . Total Damage 6203 | . . . . . . . 1038 . 4698 467 . . . . Kills 24 | . . . . . . . 10 . 8 6 . . . . Allies Corrupted . | . . . . . . . . . . . . . . . Allies Melted . | . . . . . . . . . . . . . . . Intel | -11 -10 -9 -8 -7 -7 -6 -5 -4 -4 -4 -3 -2 -2 -1 ------- Run | Yrd Mat Mat Mat Fac DSF Fac Fac Fac Was Fac Res Res Qua Acc Robot Analysis Total 4 | . 1 1 1 . . 1 . . . . . . . . Derelict Logs Recovered . | . . . . . . . . . . . . . . . Drone Launches 6 | . . . . . . . . 4 . . . 2 . . Drone Recoveries 4 | . . . . . . . . 3 . . . 1 . . Exploration | -11 -10 -9 -8 -7 -7 -6 -5 -4 -4 -4 -3 -2 -2 -1 ------------- Run | Yrd Mat Mat Mat Fac DSF Fac Fac Fac Was Fac Res Res Qua Acc Turns Passed 4906 | 11 133 892 77 161 64 577 712 214 251 410 107 555 165 577 Spaces Moved 6304 | 22 187 597 154 204 59 765 1260 235 401 494 187 672 308 759 Core 1703 | 22 187 382 52 140 25 60 121 70 . 2 53 346 2 241 Treads 215 | . . 215 . . . . . . . . . . . . Legs . | . . . . . . . . . . . . . . . Wheels 26 | . . . . . . . . . . . . . . 26 Hover 1497 | . . . . 64 15 189 . 165 401 492 . . . 171 Flight 2863 | . . . 102 . 19 516 1139 . . . 134 326 306 321 Fastest Speed 26 | 50 50 50 40 50 32 26 35 50 52 50 45 35 35 32 Average Speed 52 | 50 50 90 43 54 47 42 42 63 52 51 46 53 37 54 Slowest Speed 250 | 50 50 160 50 65 65 160 50 100 52 52 50 250 50 156 Overloaded Moves 39 | . . . . . . 39 . . . . . . . . Propulsion Burnouts . | . . . . . . . . . . . . . . . Robots Hopped 31 | . . . 1 . 1 8 13 . . . . 2 4 2 Cave-ins Triggered 3 | . . . . . . 1 . . . 1 . . . 1 Exploration Rate (%) 31 | 3 33 40 23 4 80 18 46 5 96 22 6 21 36 34 Regions Visited 14 Branch Regions 1 Pre-discovered Areas 2 | . . 2 . . . . . . . . . . . . Known Exits Taken 3 | . . 1 . 1 . . 1 . . . . . . . Unknown Exits Taken 8 | 1 1 . 1 . . 1 . . . 1 1 1 1 . Scrap Searched . | . . . . . . . . . . . . . . . Spaces Dug 62 | . . . . . . 6 29 . . 8 . 2 . 17 Terrain Destroyed 542 | . . 98 . . . 59 90 . . 56 . 4 57 178 Melee 25 | . . . . . . 1 8 . . 8 . 2 . 6 Projectile 25 | . . . . . . 6 . . . 5 . 2 . 12 AOE 492 | . . 98 . . . 52 82 . . 43 . . 57 160 Terrain Rammed . | . . . . . . . . . . . . . . . Walls Destroyed . | . . . . . . . . . . . . . . . Machines Disabled . | . . . . . . . . . . . . . . . Actions | -11 -10 -9 -8 -7 -7 -6 -5 -4 -4 -4 -3 -2 -2 -1 --------- Run | Yrd Mat Mat Mat Fac DSF Fac Fac Fac Was Fac Res Res Qua Acc Total 7541 | 21 222 910 161 246 83 932 1400 298 441 584 201 826 334 882 Wait 695 | . 16 257 . 25 1 69 83 45 27 23 2 104 3 40 Move 6230 | 21 186 596 151 203 56 747 1236 235 400 493 186 667 299 754 Hop 28 | . . . 1 . 1 8 10 . . . . 2 4 2 Pick Up 57 | . 4 9 2 4 . 9 7 4 3 . 2 5 3 5 Fast Attach 116 | . . 11 5 7 5 14 17 7 5 4 8 11 4 18 Attach 43 | . 4 3 . 2 . 8 7 1 3 1 . 2 2 10 Detach 42 | . 4 1 . 2 1 8 7 1 1 2 1 3 1 10 Swap 13 | . . . . . . 3 1 . . 6 . . . 3 Drop 63 | . 4 7 2 . 5 11 3 4 2 6 . 6 6 7 Fire 131 | . 4 26 . 3 . 24 5 . . 29 2 13 4 21 Melee 96 | . . . . . 7 30 10 . . 20 . 10 8 11 Ram 2 | . . . . . . . 1 1 . . . . . . Kick . | . . . . . . . . . . . . . . . Crush 3 | . . . . . . . . . . . . 3 . . Escape Stasis 16 | . . . . . 7 1 7 . . . . . . 1 Rewire 6 | . . . . . . . 6 . . . . . . . Trap . | . . . . . . . . . . . . . . . Miscellaneous . | . . . . . . . . . . . . . . . Route ------- -11/Scrapyard -10/Materials -9/Materials (discovered 4 exits: *Mat x2 / [*Min x2]) -8/Materials (discovered 2 exits: *Fac / Sto) -7/Factory -7/DSF -6/Factory (discovered 6 exits: *Fac x2 / Low x2 / Ext x2) -5/Factory (discovered 6 exits: *Fac x4 / *Upp x2) -4/Factory -4/Waste -4/Factory -3/Research -2/Research -2/Quarantine -1/Access History --------- Turn | Location | Event 3 | -11/Scrapyard | Discovered new exit (range 15) 12 | -11/Scrapyard | Entered Materials 70 | -10/Materials | Central database locked down 132 | -10/Materials | Discovered new exit (range 12) 145 | -10/Materials | Entered another Materials area 145 | -9/Materials | Evolved 2 slots: Propulsion x1, Utility x1 315 | -9/Materials | Discovered new exit (range 8) 502 | -9/Materials | Build established: Scavenger-Mutant 563 | -9/Materials | Discovered new exit (range 16) 588 | -9/Materials | Released all parts (9) 675 | -9/Materials | Discovered new exit (range 9) 724 | -9/Materials | Destroyed 7 combat bots 774 | -9/Materials | Released all parts (3) 831 | -9/Materials | Learned 4 Recycling zone layouts 875 | -9/Materials | Learned 2 Storage zone layouts 890 | -9/Materials | Build established: Mutant 908 | -9/Materials | Identified exit to Materials 964 | -9/Materials | Learned 2 Materials zone layouts 1037 | -9/Materials | Entered another Materials area 1037 | -8/Materials | Evolved 2 slots: Propulsion x1, Utility x1 1038 | -8/Materials | Identified exit to Storage 1110 | -8/Materials | Discovered new exit (range 8) 1113 | -8/Materials | Released all parts (5) 1114 | -8/Materials | Entered Factory 1114 | -7/Factory | Evolved 2 slots: Utility x2 1275 | -7/Factory | Identified exit to DSF 1275 | -7/Factory | Entered DSF 1313 | -7/DSF | Additional patrols routed to DSF 1322 | -7/DSF | Core integrity fell below 50% 1329 | -7/DSF | Discovered new exit (range 14) 1339 | -7/DSF | Entered Factory 1339 | -6/Factory | Evolved 2 slots: Power x1, Propulsion x1 1356 | -6/Factory | Lost 10 parts (1p7n2u) 1614 | -6/Factory | Released all parts (7) 1642 | -6/Factory | Lost 3 parts (3n) 1769 | -6/Factory | Crushed by falling debris 1820 | -6/Factory | Discovered new exit (range 16) 1862 | -6/Factory | Discovered new exit (range 7) 1894 | -6/Factory | Identified exit to Lower Caves 1894 | -6/Factory | Identified exit to Extension 1913 | -6/Factory | Released all parts (10) 1916 | -6/Factory | Entered another Factory area 1916 | -5/Factory | Evolved 2 slots: Utility x2 2313 | -5/Factory | Spotted B-75 Beast 2322 | -5/Factory | Garrison activated, responded to threat 2340 | -5/Factory | Discovered new exit (range 10) 2343 | -5/Factory | Destroyed 7 combat bots 2352 | -5/Factory | Lost 3 parts (3n) 2359 | -5/Factory | Identified exit to Upper Caves 2368 | -5/Factory | Cargo convoy interrupted 2547 | -5/Factory | Identified exit to Factory 2566 | -5/Factory | Build established: Hacker-Mutant 2614 | -5/Factory | Found PL-3XN's Ring of Power 2628 | -5/Factory | Released all parts (7) 2628 | -5/Factory | Entered another Factory area 2628 | -4/Factory | Evolved 2 slots: Propulsion x1, Utility x1 2657 | -4/Factory | Lost 4 parts (1p1n2u) 2842 | -4/Factory | Sucked down chute 2842 | -4/Factory | Entered Waste 2846 | -4/Waste | Spotted C-40 Crusher 2863 | -4/Waste | Spotted C-40 Crusher 2879 | -4/Waste | Spotted C-40 Crusher 2900 | -4/Waste | Spotted C-40 Crusher 2902 | -4/Waste | Spotted C-40 Crusher 2903 | -4/Waste | Spotted C-40 Crusher 2904 | -4/Waste | Discovered new exit (range 13) 2906 | -4/Waste | Build established: Mutant 2919 | -4/Waste | Warlord forces began an assault 2928 | -4/Waste | Allies destroyed C-40 Crusher 2938 | -4/Waste | Allies destroyed C-40 Crusher 2939 | -4/Waste | Allies destroyed C-40 Crusher 2942 | -4/Waste | Allies destroyed C-40 Crusher 2944 | -4/Waste | Allies destroyed C-40 Crusher 2974 | -4/Waste | Lost 3 allies 3025 | -4/Waste | Found Adv. Force Booster 3047 | -4/Waste | Allies destroyed C-40 Crusher 3093 | -4/Waste | Entered Factory 3093 | -4/Factory | Accompanied by 1 ally 3183 | -4/Factory | Spotted B-86 Titan 3313 | -4/Factory | Crushed by falling debris 3404 | -4/Factory | Lost 3 allies 3449 | -4/Factory | Destroyed 7 combat bots 3496 | -4/Factory | Discovered new exit (range 8) 3501 | -4/Factory | Released all parts (14) 3503 | -4/Factory | Entered Research 3503 | -3/Research | Evolved 2 slots: Propulsion x2 3566 | -3/Research | Found Prototype Processor 3566 | -3/Research | Identified Spectral Analyzer 3590 | -3/Research | Discovered new exit (range 10) 3610 | -3/Research | Entered another Research area 3610 | -2/Research | Evolved 2 slots: Utility x2 3610 | -2/Research | Released all parts (7) 3862 | -2/Research | Spotted B-90 Cyclops 4082 | -2/Research | Spotted B-90 Cyclops 4086 | -2/Research | Spotted B-90 Cyclops 4098 | -2/Research | Discovered new exit (range 9) 4165 | -2/Research | Entered Quarantine 4171 | -2/Quarantine | Found Alien Artifact 4272 | -2/Quarantine | Destroyed 8 combat bots 4317 | -2/Quarantine | Discovered new exit (range 16) 4327 | -2/Quarantine | Identified Subatomic Replicator 4327 | -2/Quarantine | Used Subatomic Replicator to replicate PL-3XN's Ring of Power 4330 | -2/Quarantine | Released all parts (5) 4330 | -2/Quarantine | Entered Access 4330 | -1/Access | Evolved 2 slots: Power x1, Utility x1 4358 | -1/Access | Lost 6 parts (1p2n2u1w) 4530 | -1/Access | Energy Cycler disabled 4538 | -1/Access | Spotted B-99 Colossus 4580 | -1/Access | First assault squad dispatched 4597 | -1/Access | Lost 4 parts (1p2n1u) 4644 | -1/Access | Lost 3 parts (1n2u) 4644 | -1/Access | Found Fusion Bomb Launcher 4653 | -1/Access | Spotted B-99 Colossus 4664 | -1/Access | Found Prototype Hackware 4664 | -1/Access | Identified Exp. Hacking Suite 4690 | -1/Access | Crushed by falling debris 4721 | -1/Access | Lost 7 parts (3n4u) 4890 | -1/Access | Core integrity fell below 50% 4901 | -1/Access | Core integrity fell below 20% 4907 | -1/Access | Destroyed by Y-72 Warden with Railgun Last Messages --------------- 04891_ K-01 Serf destroyed. 04891_ Slug penetrates Wall. 04893_ Penetrated by Slug. 04893_ Slug penetrates Wall. 04894_ Penetrated by Slug. 04895_ Imp. Terrain Scanner destroyed. 04897_ Slug penetrates Wall. 04898_ Penetrated by Slug. 04899_ Connecting with Garrison Access... 04900_ Penetrated by Slug. 04900_ Slug penetrates Wall. 04901_ Wall collapses. 04901_ Slug penetrates O-32 Director. 04901_ Slug penetrates Wall. 04903_ Penetrated by Slug. 04903_ Slug penetrates Wall. 04903_ Penetrated by Slug. 04906_ Slug penetrates H-88 Terminator. 04906_ Slug penetrates O-32 Director. 04907_ Penetrated by Slug. Map ----- +----------------------------------------------------+ | ???????????????????????????????????#???##?#?####?# | | ???????????????????????????????????????#???#?#?### | | ???????????????????????????????????#??###?#??##### | | ??????????????????????????????????#??#???######### | | ??????????????????????????????????????#???# """T" | | ??????????????????????????????????#??#????# """ " | | ????????????????????????????????#????#?##?# | | ???????????????????????????????????????#??# | | ??????????????????????????????????#?#??#### | | ????????????????????????????????????#??#?## "" | | ???????????????????????????????????#???#### """ | | ???????????????????????????????#????#?##??# "" | | ??????????????????????????????#????????#### "" | | ????????????????????????????###??#??###??## " | | ?????????????????????????#### ##########?## | | ?????????????????????????# #???# | | ?????????????????????????# Y ###########/ | | ?????????????????????????# ]] # | | ?????????????????????????# ] h # h | | ?????????????????????????# o; g | | ?????????????????????????# h =% | | ?????????????????????????# # | | ?????????????????????????# # | | ?????????????????????????# # | | ???????????????????????### # #### | | ???????????????????????# @ """ """ # ##?? | | ???????????????????????# # """G""" # #??? | | ???????????????????????################ #?## | | ??????????????????????????????????????# #??? | | ???????????????????????????????????#??# ^ #??? | | ??????????????????????????????????????# ##?# | | ??????????????????????????????????#???# ??? | | ????????????????????????????????#?????# ? | | ???????????????????????????????????#??# ? | | ??????????????????????????????????#???# ? | | ??????????????????????????????????????# | | ??????????????????????????????????????# | | ??????????????????????????????????????# | | ??????????????????????????????????????######## | | ?????????????????????????????????????????????? | | ?????????????????????????????????????????????? | | ?????????????????????????????????????????????? | | ?????????????????????????????????????????????? | | ?????????????????????????????????????????????# | | ?????????????????????????????????????????????# | | ?????????????????????????????????????????????# | | ?????????????????????????????????????????????# | | ?????????????????????????????????????????????# | | ?????????????????????????????????????????????# | | ?????????????????????????????????????????????# | +----------------------------------------------------+ Best States ------------- Heat Dissipation 56 Coolant Potential 100 Energy Generation 29 Energy Capacity 450 Matter Stores 300 Matter Capacity 300 Sight Range 24 Robot Scan Range 16 Terrain Scan Range 20 Terrain Scan Density 210 ECM Strength 1 Additional Mass Support 9 Corruption Block 20 Armor Coverage 610 Resistance: KI 30 Resistance: TH 30 Propulsion Shielding 33 Weapon Shielding 33 Evasion (%) 70 Launcher Accuracy 30 Core Analysis 6 Recoil Reduction 3 Offensive Hacking 42 Defensive Hacking 24 Item Schematics ----------------- Lrn. Terrain Scanner | -6/Factory | Hacked Cmb. Linear Gravjet | -4/Factory | Scanalyzed Robot Schematics ------------------ None Fabricated ------------ Nothing Alien Tech Used ----------------- Subatomic Replicator Achievements -------------- None Challenges ------------ None Game ------ Seed PhysicsThunderLegs Manual? 0 Play Time 01:13:12 Cumulative 1651.5 hours Start 2024.08.23 @ 02:41:29 End 2024.08.23 @ 03:55:32 Sessions 1 Manual Loads 0 Difficulty Rogue Special Mode None Game No. 1128 Rogue 1124 Adventurer 4 Explorer 0 Win Type - Total 209 Types 156/11/15/9/2/1/3/8/4 Lore% 97 Gallery% 97 Achievement% 98 Wizard Run 0 Options --------- Layout 2 ASCII 0 Keyboard 1 Movement Vi Keybinds 0 Fullscreen 0 Font 24/Terminus Map View 59x48 Zoom Use 0% Tactical HUD 1 Map Filters NONE Filters NONE Steam 1 RUN: 9680d5e4-2552-41f5-b59e-7decdf5a28cb